 Dungeon Crawl Stone Soup version 0.28-a0-1396-gdcb3f3653b (webtiles) character file.

Game seed: 16844423895039098852

14 Deminshera the Chucker (level 2, -3/18 HPs)
             Began as an Octopode Wanderer on Jan 5, 2022.
             Slain by an iguana (6 damage)
             ... on level 2 of the Dungeon.
             The game lasted 00:00:45 (1072 turns).

Deminshera the Chucker (Octopode Wanderer)          Turns: 1072, Time: 00:00:46

Health: -3/18      AC:  1    Str: 14    XL:     2   Next: 41%
Magic:  2/2        EV: 13    Int: 11    God:
Gold:   41         SH:  0    Dex: 11    Spells: 1/1 levels left

rFire   . . .      SeeInvis .   e - +0 dagger
rCold   . . .      Faith    .   (no shield)
rNeg    . . .      Spirit   .   c - +0 hat
rPois   .          Reflect  .   (no amulet)
rElec   .          Harm     .   (no ring)
rCorr   .          Rampage  .   (no ring)
Will    .....                   (no ring)
Stlth   +++.......              (no ring)
HPRegen 0.06/turn               (no ring)
MPRegen 0.08/turn               (no ring)
                                (no ring)
                                (no ring)

@: no status effects
A: almost no armour, amphibious, 8 rings, camouflage 1, gelatinous body 1,
(nimble swimmer 1), tentacles
a: no special abilities


You were on level 2 of the Dungeon.
You visited 1 branch of the dungeon, and saw 2 of its levels.

You collected 41 gold pieces.

Inventory:

Hand Weapons
 a - a +0 mace
 e - a +0 dagger (weapon)
Missiles
 b - 2 throwing nets (quivered)
 d - 12 poisoned darts
Armour
 c - a +0 hat (worn)
Scrolls
 f - 3 scrolls of magic mapping {unknown}
 g - a scroll of enchant weapon {unknown}
 h - a scroll of silence {unknown}


   Skills:
 + Level 1.0 Fighting
 + Level 1.0 Short Blades
 - Level 2.0 Maces & Flails
 - Level 4.0 Throwing
 - Level 2.0 Dodging
 + Level 2.2 Stealth
 - Level 1.1 Evocations


You had one spell level left.
You didn't know any spells.
Your spell library was empty.

Dungeon Overview and Level Annotations

Branches:
Dungeon (2/15)

Altars:


Innate Abilities, Weirdness & Mutations

You cannot wear most types of armour.
You are amphibious.
You can wear up to eight rings at the same time.
Your skin changes colour to match your surroundings (Stealth+).
Your rubbery body absorbs attacks. (AC +1, EV +1)
((You are camouflaged when in or above water. (Stealth+)))
You have tentacles for arms and can constrict up to eight enemies at once.


Message History

An iguana is nearby!
Unknown command.
You hit the iguana but do no damage.
The iguana is lightly wounded.
You constrict the iguana. The iguana closely misses you.
You hit the iguana.
The iguana is lightly wounded.
You constrict the iguana. The iguana misses you.
You hit the iguana but do no damage.
The iguana is moderately wounded.
You constrict the iguana. The iguana bites you.
* * * LOW HITPOINT WARNING * * *
You hit the iguana but do no damage.
The iguana is moderately wounded.
You constrict the iguana, but do no damage.
The iguana barely misses you.
You barely miss the iguana.
You squeeze the iguana, but do no damage.
The iguana is moderately wounded.
You constrict the iguana. The iguana closely misses you.
You hit the iguana.
The iguana is heavily wounded.
You constrict the iguana. The iguana closely misses you.
You completely miss the iguana. Your squeeze misses the iguana.
The iguana is severely wounded.
You constrict the iguana. The iguana closely misses you.
You completely miss the iguana. Your squeeze misses the iguana.
The iguana is severely wounded.
You constrict the iguana. The iguana closely misses you.
You hit the iguana but do no damage.
The iguana is almost dead.
You constrict the iguana. The iguana closely misses you.
You release your grip on the iguana.
Things that are here:
a +0 short sword; 2 stones You hit the iguana but do no damage.
You grab the iguana.
The iguana is almost dead.
You constrict the iguana, but do no damage.
The iguana bites you.
You die...

########## #........###
##############...........
.............'@l.....$...
#######.######...†.......
#.# #..)........
########.# #...........
#.....##.# #...........
#.#.#.#..# #...........
#<#.#.#..######.......$...
#####.#................###
#.#..#######+####+##


You could see an iguana.

Vanquished Creatures
  2 dart slugs (D:1)
  A ball python (D:1)
  A goblin (D:1)
  2 hobgoblins
  A kobold (D:2)
  A bat (D:1)
  A rat (D:2)
9 creatures vanquished.

Notes
Turn   | Place    | Note
-------+----------+-------------------------------------------
     0 | D:1      | Deminshera the Octopode Wanderer began the quest for the
                  | Orb.
     0 | D:1      | Deminshera set off with the following items: a +0 mace, 2
                  | throwing nets, a +0 hat, 12 poisoned darts, a +0 dagger
     0 | D:1      | Reached XP level 1. HP: 11/11 MP: 1/1
   739 | D:1      | Reached XP level 2. HP: 18/18 MP: 2/2
  1053 | D:2      | Reached skill level 1 in Fighting
  1057 | D:2      | Reached skill level 1 in Short Blades
  1072 | D:2      | Slain by an iguana

Illustrated notes

Levels and vault maps discovered:
D:1:      dpeg_arrival_concentric_ovals, layout_loops_ring, feat_on_display
D:2:      layout_basic

Skill      XL: |  1  2 |
---------------+-------+-----
Stealth        | 2 |  2.2
Fighting       | 1 |  1.0
Short Blades   | 1 |  1.0
Maces & Flails | |  2.0
Throwing       | |  4.0
Dodging        | |  2.0
Evocations     | |  1.1

Action                   || total
-------------------------++-------
Melee: Dagger            ||    23
       Tentacles         ||     4
       Constrict         ||     5
       Mace              ||     1
 Stab: Sleeping          ||     2
       Distracted        ||     1
Armor: Skin              ||     2
Dodge: Dodged            ||    10

Table legend: (Time is in decaauts)
 A = Elapsed time spent in this place.
 B = Non-inter-level travel time spent in this place.
 C = Inter-level travel time spent in this place.
 D = Time resting spent in this place.
 E = Time spent auto-exploring this place.
 F = Levels seen in this place.
 G = Mean time per level.
                   A        B        C        D        E       F      G
               +--------+--------+--------+--------+--------+-----+--------+
         Total |   1070 |   1057 |     13 |    287 |    698 |   2 |  535.0 |
       Dungeon |   1070 |   1057 |     13 |    287 |    698 |   2 |  535.0 |
               +--------+--------+--------+--------+--------+-----+--------+

Top non-repeatable levels by time:
     D:1: 1016 daAuts
     D:2: 53 daAuts
